 Dungeon Crawl Stone Soup version 0.29-a0-222-g5b244fca1f (webtiles) character file.

Game seed: 10670496225609260358

4935 frimble the Frost Mage (level 10, -7/71 (74) HPs)
             Began as a Gnoll Ice Elementalist on Feb 28, 2022.
             Killed from afar by a wight (27 damage)
             ... with a bolt of acid
             ... on level 8 of the Dungeon.
             The game lasted 00:09:48 (11703 turns).

frimble the Frost Mage (Gnoll Ice Elementalist)    Turns: 11703, Time: 00:09:49

HP:   -7/71 (74)    AC: 10    Str: 19    XL:     10   Next: 52%
MP:   19/21         EV: 15    Int: 22    God:
Gold: 2074          SH:  5    Dex: 13    Spells: 16/23 levels left

rFire   . . .      SeeInvis +   s - +8 great sword of a Hundred Deaths {venom, Str+9 Stlth-}
rCold   . . .      Faith    .   (shield currently unavailable)
rNeg    . . .      Spirit   .   a - +0 robe
rPois   .          Reflect  +   (no helmet)
rElec   .          Harm     .   B - +0 cloak
rCorr   .          Rampage  .   (no gloves)
Will    .....                   t - +1 pair of boots
Stlth   ++........              v - amulet of reflection
HPRegen 0.21/turn               c - ring of see invisible
MPRegen 0.17/turn               n - +6 ring of intelligence

@: ice-armoured, corroded, lightly drained
A: fangs 1, strong nose, distributed training
a: no special abilities


You were on level 8 of the Dungeon.
You visited 1 branch of the dungeon, and saw 8 of its levels.

You collected 2074 gold pieces.

Inventory:

Hand Weapons
 g - a +0 dagger
 s - the +8 great sword of a Hundred Deaths (weapon) {venom, Str+9 Stlth-}
   (You found it on level 5 of the Dungeon)

   It poisons the flesh of those it strikes.
   Str:       It affects your strength (+9).
   Stlth:     It makes you less stealthy.
Armour
 a - a +0 robe (worn)
 t - a +1 pair of boots (worn)
 B - a +0 cloak (worn)
Jewellery
 c - a ring of see invisible (left hand)
 n - a +6 ring of intelligence (right hand)
 v - an amulet of reflection (around neck)
 x - a ring of poison resistance
Wands
 j - a wand of charming (9)
 u - a wand of iceblast (14)
 A - a wand of acid (7)
Scrolls
 f - 3 scrolls of teleportation
 i - a scroll of identify
 l - a scroll of blinking
 o - 4 scrolls of fog
 p - 3 scrolls of magic mapping
Potions
 b - 2 potions of mutation
 d - 3 potions of curing
 e - a potion of ambrosia {unknown}
 h - 3 potions of attraction {unknown}
 k - a potion of lignification {unknown}
 m - 4 potions of heal wounds {unknown}
 w - a potion of resistance {unknown}
 z - a potion of degeneration {unknown}
 C - a potion of haste


   Skills:
 + Level 5.3 Fighting
 + Level 5.3 Short Blades
 + Level 5.3 Long Blades
 + Level 5.3 Axes
 + Level 5.3 Maces & Flails
 + Level 5.3 Polearms
 + Level 5.3 Staves
 + Level 5.3 Slings
 + Level 5.3 Bows
 + Level 5.3 Crossbows
 + Level 5.3 Throwing
 + Level 5.3 Armour
 + Level 7.1 Dodging
 + Level 6.9 Stealth
 + Level 5.3 Shields
 + Level 5.3 Unarmed Combat
 + Level 7.4 Spellcasting
 + Level 4.4 Conjurations
 + Level 4.4 Hexes
 + Level 4.4 Summonings
 + Level 4.4 Necromancy
 + Level 4.4 Translocations
 + Level 4.4 Transmutations
 + Level 4.4 Fire Magic
 + Level 8.5 Ice Magic
 + Level 4.4 Air Magic
 + Level 4.4 Earth Magic
 + Level 4.4 Poison Magic
 + Level 5.9 Invocations
 + Level 5.3 Evocations


You had 16 spell levels left.
You knew the following spells:

 Your Spells              Type           Power      Damage    Failure   Level
a - Freeze                Ice            100%       1d11      1%          1
b - Frozen Ramparts       Ice            90%        1d11      1%          3
c - Ozocubu's Armour      Ice            45%        N/A       1%          3

Your spell library contained the following spells:

 Spells                   Type           Power      Damage    Failure   Level
 Beastly Appendage        Tmut           54%        N/A       1%          1
 Summon Small Mammal      Summ           100%       N/A       1%          1
 Wereblood                Tmut           27%        N/A       1%          2
 Call Canine Familiar     Summ           27%        N/A       3%          3
 Spider Form              Tmut/Pois      27%        N/A       3%          3
 Summon Guardian Golem    Hex/Summ       27%        N/A       3%          3
 Tukima's Dance           Hex            27%        N/A       3%          3
 Hailstorm                Conj/Ice       36%        3d9       5%          4
 Passage of Golubria      Tloc           27%        N/A       13%         4
 Silence                  Hex/Air        13%        N/A       34%         5
 Yara's Violent Unravell  Hex/Tmut       13%        3d7       34%         5
 Lehudib's Crystal Spear  Conj/Erth      13%        10d5      100%        8


Dungeon Overview and Level Annotations

Branches:
Dungeon (8/15)             Temple (0/1) D:4
   Lair: D:8-11

Altars:
Hepliaklqana
Nemelex Xobeh
Qazlal
Ru
Trog
The Shining One

Annotations:
D:6 exclusion: moth of wrath


Innate Abilities, Weirdness & Mutations

You have very sharp teeth.
Your uncanny sense of smell can sniff out nearby items.
Your experience applies equally to all skills.


Message History

You are too injured to fight recklessly!
You are too injured to fight recklessly!
You are too injured to fight recklessly!
You are too injured to fight recklessly!
You are too injured to fight recklessly!
You are too injured to fight recklessly!
You are too injured to fight recklessly!
You are too injured to fight recklessly!
You are too injured to fight recklessly!
You are too injured to fight recklessly!
You are too injured to fight recklessly!
You are too injured to fight recklessly!
You are too injured to fight recklessly!
You are too injured to fight recklessly!
You are too injured to fight recklessly!
You are too injured to fight recklessly!
You are too injured to fight recklessly!
The wight zaps a wand.
The bolt of acid hits you!! The acid corrodes you!
Things that are here:
a +0 falchion; a +0 robe You hit the wight.
The wight is lightly damaged.
The wight closely misses you.
Casting: Ozocubu's Armour (safe; 1% risk of failure)
Confirm with . or Enter, or press ? or * to list all spells.
A film of ice covers your body! The wight barely misses you.
You closely miss the wight.
The wight is lightly damaged.
The wight hits you with a +0 mace! The wight completely misses you.
You hit the wight but do no damage.
The wight is lightly damaged.
The wight hits you with a +0 mace.
* * * LOW HITPOINT WARNING * * *
You feel drained.
* * * LOW HITPOINT WARNING * * *
You slash the wight!
The wight is severely damaged.
You block the wight's attack.
The wight zaps a wand.
The bolt of acid hits you!!
You die...

###### ..... .....#
#...# ####.# #...# #.#
#...# ####.#### #...#
#.......######...######
#.#...#.#...).........##
....#..))...)...@z.....#
#.....#.#..............#
#..#.##.####.#...#.###..
#..#.##.# #.#...#.#
#>......# #.#...#.#
##.>.#### #.#...#.###
#.### #.........# #.#
#.#.)##.#.# #.#
###.#.)##...#


You could see a wight.

Vanquished Creatures
  A two-headed ogre (D:6)
  Pikel (D:4)
  Joseph (D:7)
  A wyvern (D:8)
  2 steam dragons (D:7)
  Menkaure (D:6)
  A water moccasin (D:5)
  5 sky beasts
  An orc warrior (D:8)
  3 necrophages
  2 ogres
  2 centaurs
  2 lemures (D:4)
  A phantom (D:4)
  Blork the orc (D:4)
  6 bullfrogs
  A scorpion (D:4)
  3 killer bees (D:5)
  5 wights (D:8)
  3 howler monkeys
  A crimson imp (D:5)
  3 hounds
  5 jellies
  3 orc priests
  Crazy Yiuf (D:7)
  A gnoll shaman (D:5)
  3 iguanas
  2 orc wizards
  Ijyb (D:4)
  5 gnolls (D:5)
  5 adders
  A shadow imp (D:6)
  2 white imps
  2 worms
  5 dart slugs
  14 orcs
  6 ball pythons
  6 bats
  3 endoplasms
  2 giant cockroaches (D:3)
  5 goblins
  10 hobgoblins
  4 jackals (D:2)
  6 kobolds
  2 quokkas
  7 rats
148 creatures vanquished.

Vanquished Creatures (others)
  A hobgoblin (D:2)
1 creature vanquished.

Grand Total: 149 creatures vanquished

Notes
Turn   | Place    | Note
-------+----------+-------------------------------------------
     0 | D:1      | frimble the Gnoll Ice Elementalist began the quest for the
                  | Orb.
     0 | D:1      | Reached XP level 1. HP: 13/13 MP: 6/6
   505 | D:1      | Reached XP level 2. HP: 9/19 MP: 5/7
  2036 | D:1      | Reached XP level 3. HP: 22/25 MP: 9/9
  2104 | D:1      | Reached skill level 5 in Spellcasting
  2677 | D:2      | Reached skill level 1 in Invocations
  3183 | D:2      | Reached skill level 1 in Fighting
  3183 | D:2      | Reached skill level 1 in Short Blades
  3183 | D:2      | Reached skill level 1 in Long Blades
  3183 | D:2      | Reached skill level 1 in Axes
  3183 | D:2      | Reached skill level 1 in Maces & Flails
  3183 | D:2      | Reached skill level 1 in Polearms
  3183 | D:2      | Reached skill level 1 in Staves
  3183 | D:2      | Reached skill level 1 in Slings
  3183 | D:2      | Reached skill level 1 in Bows
  3183 | D:2      | Reached skill level 1 in Crossbows
  3183 | D:2      | Reached skill level 1 in Throwing
  3183 | D:2      | Reached skill level 1 in Armour
  3183 | D:2      | Reached skill level 1 in Shields
  3183 | D:2      | Reached skill level 1 in Unarmed Combat
  3183 | D:2      | Reached skill level 1 in Evocations
  3502 | D:2      | Learned a level 3 spell: Frozen Ramparts
  3506 | D:2      | Learned a level 3 spell: Ozocubu's Armour
  3697 | D:3      | Reached XP level 4. HP: 32/32 MP: 11/11
  3814 | D:3      | Found a faded altar of an unknown god.
  3931 | D:3      | Found a sacrificial altar of Ru.
  4474 | D:3      | Noticed a sky beast
  4482 | D:3      | Killed a sky beast
  4483 | D:3      | Reached skill level 1 in Conjurations
  4483 | D:3      | Reached skill level 1 in Hexes
  4483 | D:3      | Reached skill level 1 in Summonings
  4483 | D:3      | Reached skill level 1 in Necromancy
  4483 | D:3      | Reached skill level 1 in Translocations
  4483 | D:3      | Reached skill level 1 in Transmutations
  4483 | D:3      | Reached skill level 1 in Fire Magic
  4483 | D:3      | Reached skill level 1 in Air Magic
  4483 | D:3      | Reached skill level 1 in Earth Magic
  4483 | D:3      | Reached skill level 1 in Poison Magic
  4483 | D:3      | Reached XP level 5. HP: 37/37 MP: 4/12
  5296 | D:4      | Noticed a lemure
  5297 | D:4      | Noticed a lemure
  5310 | D:4      | Killed a lemure
  5317 | D:4      | Killed a lemure
  5321 | D:4      | Noticed Pikel
  5579 | D:4      | Killed Pikel
  5580 | D:4      | Reached skill level 5 in Dodging
  5580 | D:4      | Reached skill level 5 in Stealth
  5580 | D:4      | Reached XP level 6. HP: 37/46 MP: 4/14
  5580 | D:4      | Reached XP level 7. HP: 41/51 MP: 4/15
  5661 | D:4      | Found a staircase to the Ecumenical Temple.
  6093 | D:4      | Noticed Ijyb
  6105 | D:4      | Killed Ijyb
  6106 | D:4      | Reached XP level 8. HP: 51/57 MP: 10/16
  6308 | D:5      | Entered Level 5 of the Dungeon
  6325 | D:5      | Found a hazy altar of Hepliaklqana.
  6941 | D:5      | Identified the +8 great sword of a Hundred Deaths {venom,
                  | Str+9 Stlth-}
  7651 | D:6      | Noticed a two-headed ogre
  7673 | D:6      | Killed a two-headed ogre
  7674 | D:6      | Reached XP level 9. HP: 50/65 MP: 7/18
  7741 | D:6      | Reached skill level 8 in Ice Magic
  7942 | D:6      | Noticed Menkaure
  7951 | D:6      | Killed Menkaure
  8517 | D:6      | Found a sparkling altar of Nemelex Xobeh.
  8517 | D:6      | Found a stormy altar of Qazlal.
  8547 | D:6      | Found a glowing golden altar of the Shining One.
  8648 | D:6      | Noticed a moth of wrath
  8652 | D:6      | Found a bloodstained altar of Trog.
  8946 | D:4      | Noticed Blork the orc
  8951 | D:4      | Reached skill level 5 in Invocations
  8962 | D:4      | Killed Blork the orc
  9266 | D:7      | Noticed Joseph
  9281 | D:7      | Killed Joseph
  9282 | D:7      | Reached XP level 10. HP: 18/73 MP: 15/20
  9867 | D:7      | Reached skill level 5 in Fighting
  9867 | D:7      | Reached skill level 5 in Short Blades
  9867 | D:7      | Reached skill level 5 in Long Blades
  9867 | D:7      | Reached skill level 5 in Axes
  9867 | D:7      | Reached skill level 5 in Maces & Flails
  9867 | D:7      | Reached skill level 5 in Polearms
  9867 | D:7      | Reached skill level 5 in Staves
  9867 | D:7      | Reached skill level 5 in Slings
  9867 | D:7      | Reached skill level 5 in Bows
  9867 | D:7      | Reached skill level 5 in Crossbows
  9867 | D:7      | Reached skill level 5 in Throwing
  9867 | D:7      | Reached skill level 5 in Armour
  9867 | D:7      | Reached skill level 5 in Shields
  9867 | D:7      | Reached skill level 5 in Unarmed Combat
  9867 | D:7      | Reached skill level 5 in Evocations
  9909 | D:7      | Found a runed translucent door.
  9910 | D:7      | Noticed Crazy Yiuf
  9917 | D:7      | Killed Crazy Yiuf
 10656 | D:7      | Identified 2 scrolls of acquirement
 10656 | D:7      | Acquired 945 gold pieces
 10658 | D:7      | Acquired 690 gold pieces
 11703 | D:8      | Killed from afar by a wight

Illustrated notes

Levels and vault maps discovered:
D:1:      dpeg_arrival_tiny_c, layout_loops_corners, serial_aquarium,
          aquarium_bridge_straight [aquarium_subvault_bridge,
          aquarium_subvault_wall, aquarium_subvault_bridge,
          aquarium_subvault_window], aquarium_window_1, aquarium_window_fake,
          aquarium_view_2b, aquarium_view_2f, aquarium_pool_2
D:2:      layout_loops_ring, lemuel_flame_loot_1
D:3:      layout_basic, nicolae_ru_the_path_less_chosen,
          ebering_ecumenical_altar_mist
D:4:      layout_rooms, temple_green, serial_corexii_hall,
          chequers_hall_statues_y, corexii_hall_statues_u,
          chequers_decorated_corner, uniq_ijyb, uniq_pikel, uniq_blork_the_orc
D:5:      layout_rooms, mainiacjoe_overflow_concentric_impassable,
          minmay_fire_ice_demons
D:6:      layout_cave_pools, tgw_trog, jmf_multi_god_temple, lemuel_tele_altar,
          uniq_menkaure
D:7:      layout_loops_cross, nicolae_elevator_lobby_plus,
          uniq_crazy_yiuf_cottage, uniq_joseph
D:8:      layout_loops_cross

Skill      XL: |  1  2  3  4  5  6  7  8  9 10 |
---------------+-------------------------------+-----
Spellcasting   | 5 6 7 |  7.4
Invocations    | 1 2 3 4 5 |  5.9
Fighting       | 1 2 4 5 |  5.3
Short Blades   | 1 2 4 5 |  5.3
Long Blades    | 1 2 4 5 |  5.3
Axes           | 1 2 4 5 |  5.3
Maces & Flails | 1 2 4 5 |  5.3
Polearms       | 1 2 4 5 |  5.3
Staves         | 1 2 4 5 |  5.3
Slings         | 1 2 4 5 |  5.3
Bows           | 1 2 4 5 |  5.3
Crossbows      | 1 2 4 5 |  5.3
Throwing       | 1 2 4 5 |  5.3
Armour         | 1 2 4 5 |  5.3
Shields        | 1 2 4 5 |  5.3
Unarmed Combat | 1 2 4 5 |  5.3
Evocations     | 1 2 4 5 |  5.3
Conjurations   | 1 2 3 4 |  4.4
Hexes          | 1 2 3 4 |  4.4
Summonings     | 1 2 3 4 |  4.4
Necromancy     | 1 2 3 4 |  4.4
Translocations | 1 2 3 4 |  4.4
Transmutations | 1 2 3 4 |  4.4
Fire Magic     | 1 2 3 4 |  4.4
Air Magic      | 1 2 3 4 |  4.4
Earth Magic    | 1 2 3 4 |  4.4
Poison Magic   | 1 2 3 4 |  4.4
Dodging        | 5 6 7 |  7.1
Stealth        | 5 6 |  6.9
Ice Magic      | 8 |  8.5

Action                   |  1- 3 |  4- 6 |  7- 9 | 10-12 || total
-------------------------+-------+-------+-------+-------++-------
Melee: Unarmed           |    92 |       |       |       ||    92
       Bite              |    10 |     7 |    14 |     9 ||    40
       Punch             |     3 |       |       |       ||     3
       Dagger            |    45 |    78 |    39 |       ||   162
       Great sword       |       |       |    68 |    97 ||   165
 Cast: Freeze            |    28 |    15 |     8 |       ||    51
       Frozen Ramparts   |       |     5 |    16 |     2 ||    23
       Ozocubu's Armour  |       |     3 |    11 |     8 ||    22
  Use: Scroll            |     1 |     6 |       |     5 ||    12
 Stab: Sleeping          |    13 |     4 |     3 |     3 ||    23
       Distracted        |     1 |       |       |       ||     1
Armor: Robe              |    27 |    21 |    24 |    14 ||    86
Dodge: Dodged            |   126 |    52 |   102 |    84 ||   364
Block: Other             |       |       |     7 |    19 ||    26
       Reflection        |       |       |     1 |     3 ||     4

Table legend: (Time is in decaauts)
 A = Elapsed time spent in this place.
 B = Non-inter-level travel time spent in this place.
 C = Inter-level travel time spent in this place.
 D = Time resting spent in this place.
 E = Time spent auto-exploring this place.
 F = Levels seen in this place.
 G = Mean time per level.
                   A        B        C        D        E       F      G
               +--------+--------+--------+--------+--------+-----+--------+
         Total |  11770 |  11327 |    443 |    165 |   9736 |   8 | 1471.2 |
       Dungeon |  11770 |  11327 |    443 |    165 |   9736 |   8 | 1471.2 |
               +--------+--------+--------+--------+--------+-----+--------+

Top non-repeatable levels by time:
     D:1: 2358 daAuts
     D:7: 1651 daAuts
     D:6: 1505 daAuts
     D:4: 1485 daAuts
     D:3: 1408 daAuts
     D:2: 1362 daAuts
     D:5: 1084 daAuts
     D:8: 914 daAuts
